AoeStats
← 小肥羊

Black Forest

510111669Analyzed
4v4 RM · 4d ago on Sep 29, 2026· 56m 6s· 8 players
Game mode
Random Map
Map size
Large (8 player)
Population
200
Speed
Normal
Resources
Standard
Victory
Conquest
Starting age
Dark Age
Ending age
Imperial Age
RankedLock teamsTeams togetherTeam positionsShared explorationLock speedFull tech treeHidden civsTurbo modeCheats
Victory
Defeat
🇦🇷 Lithuanians · Argentina
1288
+17
🇹🇼 Teutons · Taiwan
1273
+18
🇨🇳 Britons · China
1249
+19
🇻🇳 Persians · Vietnam
1216
+20
🇫🇷 Byzantines · France
1341
-20
🇭🇰 Teutons · Hong Kong SAR China
1327
-19
🇦🇷 Franks · Argentina
1304
-18
🇲🇦 Persians · Morocco
1272
-17
魂魄妖喵
1:14 Loom
12:04 Feudal Age
16:12 Fletching
22:20 Castle Age
21:48 Double-Bit Axe
21:56 Gold Mining
27:46 Horse Collar
32:22 Imperial Age
30:32 Fortified Wall
30:28 Pikeman
31:10 Squires
31:42 Bow Saw
32:29 Wheelbarrow
33:20 Scale Barding Armor
33:26 Forging
33:17 Scale Mail Armor
33:57 Guard Tower
35:09 Chemistry
34:09 Cavalier
35:36 Bodkin Arrow
36:34 Siege Engineers
38:15 Conscription
39:09 Chain Barding Armor
39:25 Iron Casting
39:52 Bloodlines
40:10 Ironclad
40:25 Crenellations
41:01 Iron Casting
42:23 Onager
45:33 Two-Man Saw
44:36 Heavy Plow
44:55 Paladin
46:48 Plate Barding Armor
47:14 Blast Furnace
48:17 Chain Mail Armor
47:25 Halberdier
51:28 Plate Mail Armor
53:28 Hand Cart
小肥羊
11:13 Feudal Age
14:48 Castle Age
12:45 Double-Bit Axe
12:41 Horse Collar
17:21 Bow Saw
23:45 Wheelbarrow
23:52 Heavy Plow
25:04 Hand Cart
25:20 Gold Mining
28:25 Imperial Age
26:53 Stone Mining
27:14 Scale Barding Armor
27:19 Forging
28:04 Loom
29:14 Chain Barding Armor
29:30 Iron Casting
29:44 Stone Shaft Mining
29:20 Husbandry
29:31 Bloodlines
29:46 Block Printing
30:12 Theocracy
30:12 Guilds
30:27 Conscription
30:29 Onager
33:02 Two-Man Saw
33:17 Crop Rotation
32:26 Elite Leitis
34:20 Plate Barding Armor
33:36 Fletching
35:31 Caravan
39:26 Coinage
40:38 Chemistry
40:00 Ballistics
39:50 Masonry
40:18 Hoardings
41:46 Bombard Tower
42:04 Guard Tower
42:03 Treadmill Crane
43:37 Bodkin Arrow
45:13 Architecture
45:19 Keep
46:37 Redemption
46:38 Fervor
46:49 Sanctity
46:55 Illumination
46:26 Herbal Medicine
48:03 Town Watch
51:53 Murder Holes
52:27 Town Patrol
52:32 Bracer
La Apple
10:09 Feudal Age
14:08 Castle Age
12:15 Double-Bit Axe
12:12 Horse Collar
16:04 Bow Saw
16:23 Heavy Plow
21:44 Stone Mining
27:07 Imperial Age
25:18 Wheelbarrow
26:19 Scale Barding Armor
26:24 Forging
26:48 Hand Cart
26:19 Loom
26:19 Town Watch
27:36 Chain Barding Armor
28:42 Iron Casting
28:54 Plate Barding Armor
28:15 Gold Mining
29:01 Stone Shaft Mining
29:19 Husbandry
29:30 Bloodlines
30:23 Blast Furnace
29:28 Caravan
30:03 Fletching
31:28 Two-Man Saw
31:58 Gold Shaft Mining
31:24 Elite War Elephant
33:11 Chemistry
32:33 Bodkin Arrow
35:06 Crop Rotation
35:20 Conscription
36:22 Devotion
38:17 Faith
39:27 Citadels
42:44 Padded Archer Armor
45:23 Theocracy
45:10 Block Printing
45:06 Fervor
48:01 Leather Archer Armor
51:44 Ring Archer Armor
51:33 Murder Holes
51:59 Ballistics
51:46 Heavy Cavalry Archer
52:52 Parthian Tactics
52:32 Thumb Ring
老头
1:36 Loom
10:33 Feudal Age
11:06 Man-at-Arms
15:24 Horse Collar
15:33 Double-Bit Axe
23:14 Castle Age
21:53 Stone Mining
22:42 Gold Mining
24:33 Bow Saw
24:26 Heavy Plow
25:20 Gold Shaft Mining
26:03 Fletching
27:04 Bodkin Arrow
30:21 Ballistics
30:37 Padded Archer Armor
31:59 Wheelbarrow
32:00 Leather Archer Armor
33:09 Yeomen
34:15 Caravan
37:41 Imperial Age
35:30 Hand Cart
37:51 Elite Longbowman
38:56 Conscription
38:43 Bracer
39:26 Ring Archer Armor
40:18 Chemistry
40:26 Scale Mail Armor
40:36 Forging
40:29 Pikeman
41:09 Squires
40:55 Gambesons
40:56 Arson
41:24 Warwolf
41:34 Siege Engineers
42:44 Hoardings
41:36 Halberdier
42:37 Chain Mail Armor
42:58 Iron Casting
44:09 Two-Man Saw
46:57 Plate Mail Armor
47:28 Blast Furnace
Bear
0:39 Loom
10:51 Feudal Age
20:27 Castle Age
18:26 Double-Bit Axe
24:12 Wheelbarrow
26:23 Bow Saw
31:53 Imperial Age
30:37 Fortified Wall
30:23 Murder Holes
30:49 Ballistics
31:35 Scale Barding Armor
31:41 Forging
31:44 Masonry
32:41 Chain Barding Armor
32:23 Husbandry
31:44 Light Cavalry
32:20 Cavalier
34:30 Gold Mining
34:31 Stone Mining
35:18 Plate Barding Armor
38:46 Iron Casting
38:46 Paladin
40:21 Hand Cart
42:27 Blast Furnace
302
11:52 Feudal Age
15:21 Castle Age
13:48 Double-Bit Axe
13:44 Horse Collar
17:11 Loom
24:27 Wheelbarrow
24:04 Bow Saw
26:21 Hand Cart
26:20 Stone Mining
28:18 Gold Mining
31:54 Imperial Age
30:25 Town Watch
31:02 Ballistics
30:52 Masonry
30:53 Fortified Wall
31:33 Town Patrol
31:57 Onager
33:14 Fletching
34:41 Chemistry
33:43 Siege Onager
35:36 Bodkin Arrow
35:50 Siege Engineers
40:07 Caravan
40:37 Coinage
40:18 Guilds
42:59 Banking
52:36 Scale Mail Armor
52:47 Forging
53:16 Pikeman
53:42 Arson
53:58 Squires
53:43 Gambesons
54:14 Chain Mail Armor
BlueStaR
2:49 Loom
12:36 Feudal Age
17:56 Castle Age
17:18 Stone Mining
19:23 Double-Bit Axe
24:32 Horse Collar
25:42 Heavy Plow
27:52 Bow Saw
30:12 Wheelbarrow
33:56 Imperial Age
32:42 Fortified Wall
35:51 Chemistry
34:55 Pikeman
35:36 Squires
36:09 Conscription
35:34 Halberdier
36:59 Scale Mail Armor
37:09 Forging
38:06 Chain Mail Armor
37:59 Elite Varangian Guard
39:10 Arson
41:11 Plate Mail Armor
41:17 Iron Casting
42:44 Crop Rotation
42:35 Gold Mining
43:21 Stone Shaft Mining
44:00 Hand Cart
45:40 Two-Man Saw
47:11 Caravan
47:00 Onager
48:53 Elite Skirmisher
49:38 Thumb Ring
51:43 Thumb Ring
51:29 Fletching
54:12 Gold Shaft Mining
54:58 Bodkin Arrow
No-One-Knows-Me
5:34 Loom
11:02 Feudal Age
14:48 Castle Age
12:37 Double-Bit Axe
12:45 Horse Collar
15:22 Wheelbarrow
22:48 Heavy Plow
23:03 Bow Saw
23:53 Gold Mining
23:57 Stone Mining
25:49 Gold Shaft Mining
25:55 Stone Shaft Mining
26:23 Hand Cart
30:07 Imperial Age
27:59 Scale Mail Armor
28:10 Forging
29:28 Chain Mail Armor
29:18 Scale Barding Armor
29:21 Pikeman
30:01 Squires
30:40 Elite War Elephant
31:47 Chain Barding Armor
32:03 Iron Casting
32:34 Conscription
33:11 Crop Rotation
33:19 Plate Barding Armor
34:57 Blast Furnace
34:22 Caravan
34:32 Husbandry
35:53 Two-Man Saw
36:24 Coinage
38:06 Devotion
38:41 Theocracy
38:47 Banking
40:25 Faith
40:22 Bloodlines
43:23 Kamandaran
47:13 Citadels
46:52 Halberdier
Connection lost

Rejoining the realm…

Still unreachable

The connection could not be restored.

Session expired

The server has moved on; the page needs a fresh start.